 Dungeon Crawl Stone Soup version 0.28-a0-1613-gdaab1c2f9b (webtiles) character file.

Game seed: 465281442039005733

784 porpoise the Skirmisher (level 7, -2/46 HPs)
             Began as a Tengu Hunter on Jan 22, 2022.
             Was an Initiate of Hepliaklqana.
             Killed by divine providence
             ... invoked by an orc priest
              (12 damage)
             ... on level 5 of the Dungeon.
             The game lasted 00:17:44 (6734 turns).

porpoise the Skirmisher (Tengu Hunter)              Turns: 6734, Time: 00:17:45

Health: -2/46      AC: 11    Str: 13    XL:     7   Next: 86%
Magic:  8/8        EV: 13    Int: 11    God:    Hepliaklqana [......]
Gold:   175        SH:  0    Dex: 16    Spells: 6/6 levels left

rFire   . . .      SeeInvis .   b - +1 shortbow
rCold   . . .      Faith    .   (shield currently unavailable)
rNeg    . . .      Spirit   .   s - +0 ring mail
rPois   .          Reflect  .   w - +2 hat
rElec   .          Harm     .   (no cloak)
rCorr   .          Rampage  .   (no gloves)
Will    .....                   (boots unavailable)
Stlth   ++........              (no amulet)
HPRegen 0.15/turn               i - +4 ring of protection
MPRegen 0.11/turn               (no ring)

@: flying quickly and evasively, quick
A: beak, talons 3, nimble flight, mutation resistance 1
a: Renounce Religion


You were on level 5 of the Dungeon.
You worshipped Hepliaklqana.
Hepliaklqana was noncommittal.
You visited 2 branches of the dungeon, and saw 6 of its levels.

You collected 175 gold pieces.

Inventory:

Hand Weapons
 a - a +0 short sword
 b - a +1 shortbow (weapon)
Missiles
 d - 14 arrows (quivered ammo)
 n - 5 poisoned darts
 v - 12 boomerangs
Armour
 s - a +0 ring mail (worn)
 w - a +2 hat (worn)
Magical Staves
 u - a staff of fire
Jewellery
 i - a +4 ring of protection (left hand)
Scrolls
 c - 2 scrolls of fear {unknown}
 g - 2 scrolls of noise {unknown}
 h - a scroll of magic mapping {unknown}
 j - a scroll of vulnerability {unknown}
 k - 2 scrolls of enchant weapon {unknown}
 o - 2 scrolls of teleportation {unknown}
 r - 3 scrolls of identify {unknown}
 t - 3 scrolls of fog {unknown}
 y - a scroll of summoning {unknown}
Potions
 e - a potion of flight {unknown}
 f - a potion of mutation
 l - a potion of heal wounds {unknown}
 m - a potion of might
 p - 2 potions of haste
 q - a potion of curing
 x - a potion of degeneration {unknown}
 z - a potion of brilliance {unknown}
 A - a potion of attraction {unknown}
 B - a potion of ambrosia {unknown}


   Skills:
 * Level 6.2 Fighting
 - Level 6.0 Bows
 * Level 2.1 Armour
 - Level 2.1 Dodging
 + Level 4.4 Stealth


You had 6 spell levels left.
You didn't know any spells.
Your spell library contained the following spells:

 Spells                   Type           Power      Damage    Failure   Level
 Summon Small Mammal      Summ           0%         N/A       58%         1
 Call Canine Familiar     Summ           0%         N/A       92%         3
 Summon Guardian Golem    Hex/Summ       0%         N/A       92%         3


Dungeon Overview and Level Annotations

Branches:
Dungeon (5/15)             Temple (1/1) D:4

Altars:
Cheibriados
Dithmenos
Elyvilon
Fedhas
Gozag
Hepliaklqana
Kikubaaqudgha
Makhleb
Nemelex Xobeh
Okawaru
Qazlal
Ru
Uskayaw
Vehumet
Wu Jian
Xom
Yredelemnul
Zin
The Shining One


Innate Abilities, Weirdness & Mutations

You have a beak for a mouth.
You have claws for feet.
Your magical nature lets you fly swiftly and evasively.
You are somewhat resistant to further mutation.


Message History

Press: ? - help, Q - select action, (/) - cycle Shift-Dir - straight line, f/p - orc priest
Aim: an orc priest, wielding a +0 hand axe and wearing a +0 ring mail (lightly wounded, 70% to hit)
You shoot an arrow. The arrow hits the orc priest.
The orc priest is lightly wounded.
The orc priest mumbles some strange prayers to Beogh against you.
Pain shoots through your body!
* * * LOW HITPOINT WARNING * * *
Fire: 19 arrows
Press: ? - help, Q - select action, (/) - cycle Shift-Dir - straight line, f/p - orc priest
Aim: an orc priest, wielding a +0 hand axe and wearing a +0 ring mail (lightly wounded, 70% to hit)
You shoot an arrow. The arrow barely misses the orc priest.
The orc priest hits you but does no damage.
Fire: 18 arrows
Press: ? - help, Q - select action, (/) - cycle Shift-Dir - straight line, f/p - orc priest
Aim: an orc priest, wielding a +0 hand axe and wearing a +0 ring mail (lightly wounded, 70% to hit)
You shoot an arrow. The arrow hits the orc priest.
The orc priest is heavily wounded.
The orc priest hits you with a +0 hand axe.
* * * LOW HITPOINT WARNING * * *
Fire: 17 arrows
Press: ? - help, Q - select action, (/) - cycle Shift-Dir - straight line, f/p - orc priest
Aim: an orc priest, wielding a +0 hand axe and wearing a +0 ring mail (heavily wounded, 70% to hit)
You shoot an arrow.
The arrow completely misses the orc priest.
The orc priest closely misses you.
Fire: 16 arrows
Press: ? - help, Q - select action, (/) - cycle Shift-Dir - straight line, f/p - orc priest
Aim: an orc priest, wielding a +0 hand axe and wearing a +0 ring mail (heavily wounded, 70% to hit)
You shoot an arrow.
The arrow completely misses the orc priest.
The orc priest closely misses you.
Fire: 15 arrows
Press: ? - help, Q - select action, (/) - cycle Shift-Dir - straight line, f/p - orc priest
Aim: an orc priest, wielding a +0 hand axe and wearing a +0 ring mail (heavily wounded, 70% to hit)
You shoot an arrow.
The arrow hits the orc priest but does no damage.
The orc priest is heavily wounded.
The orc priest invokes the aid of Beogh against you.
Beogh smites you!
You die...

#.....# ##.#
##.....### #.# .##
#........# #.# ..(.
#.#.#####.# #.# #....
##..###.#####.# ##(..#
##...........#
....(.###..###.#######
#....)o#.......#
#@##.##### ####.# ..#
###


You could see an orc priest.

Vanquished Creatures
  An ogre (D:4)
  2 phantoms
  A wyvern zombie (D:5)
  A water moccasin skeleton (D:5)
  A howler monkey (D:4)
  An orc priest (D:3)
  2 hounds
  A bullfrog skeleton (D:4)
  An iguana (D:5)
  3 orc wizards
  3 hound skeletons (D:4)
  3 gnolls (D:5)
  3 adders
  A white imp (D:3)
  An adder skeleton (D:4)
  5 worms
  A dart slug (D:1)
  10 orcs
  5 endoplasms
  2 giant cockroaches
  5 goblins
  5 hobgoblins
  4 jackals (D:2)
  4 kobolds
  2 quokkas
  6 ball pythons
  2 bats (D:1)
  2 frilled lizards
  4 rats
82 creatures vanquished.

Notes
Turn   | Place    | Note
-------+----------+-------------------------------------------
     0 | D:1      | porpoise the Tengu Hunter began the quest for the Orb.
     0 | D:1      | Reached XP level 1. HP: 12/12 MP: 2/2
   224 | D:1      | Reached XP level 2. HP: 16/18 MP: 3/3
  1475 | D:2      | Reached XP level 3. HP: 17/22 MP: 4/4
  2910 | D:3      | Reached XP level 4. HP: 24/28 MP: 5/5
  3369 | D:3      | Gained mutation: You are somewhat resistant to further
                  | mutation. [potion of mutation]
  3377 | D:3      | Reached skill level 5 in Bows
  3380 | D:3      | Gained mutation: Your magical nature lets you fly swiftly
                  | and evasively. [Tengu growth]
  3380 | D:3      | Reached XP level 5. HP: 8/33 MP: 6/6
  3385 | D:3      | Found a faded altar of an unknown god.
  4023 | D:4      | Found a burning altar of Makhleb.
  4091 | D:4      | Noticed a phantom
  4273 | D:4      | Found an iron altar of Okawaru.
  4273 | D:4      | Found a snail-covered altar of Cheibriados.
  4273 | D:4      | Found a hide-covered altar of Uskayaw.
  4339 | D:4      | Found a staircase to the Ecumenical Temple.
  4348 | Temple   | Entered the Ecumenical Temple
  4492 | Temple   | Became a worshipper of Hepliaklqana the Forgotten
  4678 | D:4      | Killed a phantom
  4679 | D:4      | Reached XP level 6. HP: 32/39 MP: 7/7
  4928 | D:4      | Reached skill level 5 in Fighting
  5035 | D:4      | Reached XP level 7. HP: 44/44 MP: 8/8
  5478 | D:5      | Entered Level 5 of the Dungeon
  6147 | D:5      | Reached skill level 1 in Armour
  6734 | D:5      | Killed from afar by an orc priest

Illustrated notes

Levels and vault maps discovered:
D:1:      lightli_arrival_noodles, layout_basic
D:2:      layout_basic
D:3:      layout_loops_ring, ebering_ecumenical_altar_webs, moated_statue
D:4:      layout_basic, gammafunk_temple_overflow_claw, kennysheep_mini_moat,
          temple_hall
D:5:      layout_loops_cross, nicolae_shop_dragon_depot
Temple:   regret_index_temple_waves

Skill      XL: |  1  2  3  4  5  6  7 |
---------------+----------------------+-----
Fighting       | 3 4 5 6 |  6.2
Stealth        | 2 3 4 |  4.4
Bows           | 5 6 |  6.0
Armour         | 2 |  2.1
Dodging        | |  2.1

Action                   |  1- 3 |  4- 6 |  7- 9 || total
-------------------------+-------+-------+-------++-------
Melee: Short sword       |    91 |    75 |    39 ||   205
       Kick              |    28 |    20 |    13 ||    61
       Peck              |    11 |    20 |     9 ||    40
       Punch             |       |     1 |     2 ||     3
 Fire: Shortbow          |     8 |    33 |    75 ||   116
Throw: Dart              |     7 |     5 |       ||    12
  Use: Potion            |       |     4 |       ||     4
 Stab: Sleeping          |     1 |     2 |     1 ||     4
Armor: Leather armour    |     7 |       |       ||     7
       Ring mail         |    18 |    26 |    22 ||    66
Dodge: Dodged            |    46 |    47 |    40 ||   133

Table legend: (Time is in decaauts)
 A = Elapsed time spent in this place.
 B = Non-inter-level travel time spent in this place.
 C = Inter-level travel time spent in this place.
 D = Time resting spent in this place.
 E = Time spent auto-exploring this place.
 F = Levels seen in this place.
 G = Mean time per level.
                   A        B        C        D        E       F      G
               +--------+--------+--------+--------+--------+-----+--------+
         Total |   6564 |   6318 |    246 |   2336 |   3015 |   6 | 1094.0 |
       Dungeon |   6399 |   6211 |    188 |   2336 |   2926 |   5 | 1279.8 |
        Temple |    164 |    106 |     58 |      0 |     89 |   1 |  164.0 |
               +--------+--------+--------+--------+--------+-----+--------+

Top non-repeatable levels by time:
     D:4: 1521 daAuts
     D:3: 1343 daAuts
     D:1: 1300 daAuts
     D:2: 1260 daAuts
     D:5: 973 daAuts
  Temple: 164 daAuts
